 Dungeon Crawl Stone Soup version 0.22-a0-305-gd21a89c (webtiles) character file.

22 Amnesiac the Conjurer (level 2, -2/19 HPs)
             Began as a Mummy Conjurer on Mar 31, 2018.
             Slain by a scorpion (7 damage)
             ... on level 1 of the Dungeon.
             The game lasted 00:01:03 (1700 turns).

Amnesiac the Conjurer (Mummy Conjurer)              Turns: 1700, Time: 00:01:04

Health: -2/19      AC:  2    Str: 11    XL:     2   Next: 68%
Magic:  3/6        EV: 12    Int: 14    God:
Gold:   107        SH:  0    Dex: 12    Spells: 7/8 levels left

rFire    x . .     SeeInvis .   (no weapon)
rCold    + . .     Gourm    .   (no shield)
rNeg     + + +     Faith    .   a - +0 robe
rPois    ∞         Spirit   .   (no helmet)
rElec    .         Reflect  .   (no cloak)
rCorr    .         Harm     .   (no gloves)
MR       .....                  (no boots)
Stlth    ++........             (no amulet)
HPRegen  0.06/turn              (no ring)
MPRegen  0.10/turn              (no ring)

@: no status effects
A: no food or potions, fire vulnerability, cold resistance 1, negative energy
resistance 3, torment resistance, unbreathing
a: no special abilities


You were on level 1 of the Dungeon.
You were not hungry.

You visited 1 branch of the dungeon, and saw 2 of its levels.

You collected 107 gold pieces.

Inventory:

Missiles
 b - 4 needles of paralysis
Armour
 a - a +0 robe (worn)
Scrolls
 c - a scroll of remove curse {!r, unknown}
 d - 3 scrolls of identify {!r, unknown}
 e - a scroll of teleportation {!r, unknown}
 f - a scroll of immolation {!r, unknown}


   Skills:
 - Level 1.5 Dodging
 - Level 1.5 Stealth
 + Level 3.5 Spellcasting
 * Level 3.6 Conjurations


You had 7 spell levels left.
You knew the following spells:

 Your Spells              Type           Power        Failure   Level  Hunger
a - Magic Dart            Conj           ##..         4%          1    N/A

Dungeon Overview and Level Annotations

Branches:
Dungeon (2/15)

Altars:


Innate Abilities, Weirdness & Mutations

You do not eat or drink.
Your flesh is vulnerable to fire.
You are immune to poison.
Your flesh is cold resistant. (rC+)
You are immune to negative energy. (rN+++)
You are immune to unholy pain and torment.
You can survive without breathing.


Message History

There is a stone staircase leading down here.
The scorpion closely misses you.
Casting: Magic Dart (safe; 4% risk of failure)
Confirm with . or Enter, or press ? or * to list all spells.
Aiming: Magic Dart (safe; 4% risk of failure)
Press: ? - help, Shift-Dir - straight line, f/p - scorpion
Aim: a scorpion (lightly wounded)
The magic dart hits the scorpion.
The scorpion is moderately wounded.
The scorpion closely misses you.
Casting: Magic Dart (safe; 4% risk of failure)
Confirm with . or Enter, or press ? or * to list all spells.
You don't have enough magic to cast that spell.
Casting: Magic Dart (safe; 4% risk of failure)
Confirm with . or Enter, or press ? or * to list all spells.
You don't have enough magic to cast that spell.
Casting: Magic Dart (safe; 4% risk of failure)
Confirm with . or Enter, or press ? or * to list all spells.
Aiming: Magic Dart (safe; 4% risk of failure)
Press: ? - help, Shift-Dir - straight line, f/p - scorpion
Aim: a scorpion (moderately wounded)
The magic dart hits the scorpion.
The scorpion is heavily wounded.
The scorpion stings you.
Casting: Magic Dart (safe; 4% risk of failure)
Confirm with . or Enter, or press ? or * to list all spells.
You don't have enough magic to cast that spell.
Casting: Magic Dart (safe; 4% risk of failure)
Confirm with . or Enter, or press ? or * to list all spells.
You don't have enough magic to cast that spell.
The scorpion stings you!
* * * LOW HITPOINT WARNING * * *
You see here a fuming pink potion {!q}.
Your magical contamination has completely faded away.
There is a stone staircase leading up here.
The scorpion misses you.
You climb upwards.
There is a stone staircase leading down here.
Casting: Magic Dart (safe; 4% risk of failure)
Confirm with . or Enter, or press ? or * to list all spells.
Aiming: Magic Dart (safe; 4% risk of failure)
Press: ? - help, Shift-Dir - straight line, f - scorpion
Aim: a scorpion (heavily wounded)
The magic dart hits the scorpion.
The scorpion is heavily wounded.
The scorpion stings you.
* * * LOW HITPOINT WARNING * * *
Casting: Magic Dart (safe; 4% risk of failure)
Confirm with . or Enter, or press ? or * to list all spells.
Aiming: Magic Dart (safe; 4% risk of failure)
Press: ? - help, Shift-Dir - straight line, f/p - scorpion
Aim: a scorpion (heavily wounded)
The magic dart hits the scorpion.
The scorpion is severely wounded.
The scorpion barely misses you.
Casting: Magic Dart (safe; 4% risk of failure)
Confirm with . or Enter, or press ? or * to list all spells.
Aiming: Magic Dart (safe; 4% risk of failure)
Press: ? - help, Shift-Dir - straight line, f/p - scorpion
Aim: a scorpion (severely wounded)
The magic dart hits the scorpion.
The scorpion is severely wounded.
The scorpion stings you!
You die...

#.# #.# #.####..# ##'##
###.########.####..## ##...##
#........##.........# ##.....##
#.#...##.##..##.#!#.#
##.......###.#......##.........#
##.........##.#...##.##.........#
.'.........'.....................
##.........##........##..###....#
##.......#####.@.##.##..# #....#
##.....## #.#s##.##..###..#.#
##...## #......##...).....# ##'##
###.##########.#### ### #.# #.#
#†# #.## #.# #.# #.# .#.###.##
#.# #.# ###.#...## #.# #.#
..##.....# #.# #.#


You could see a scorpion.

Vanquished Creatures
  2 dart slugs (D:1)
  A leopard gecko (D:1)
  2 bats (D:1)
  2 giant cockroaches
  A goblin (D:2)
  A hobgoblin (D:1)
  A quokka (D:2)
  3 frilled lizards
  3 kobolds (D:1)
  2 rats (D:1)
18 creatures vanquished.

Notes
Turn   | Place    | Note
-------+----------+-------------------------------------------
     0 | D:1      | Amnesiac the Mummy Conjurer began the quest for the Orb.
     0 | D:1      | Reached XP level 1. HP: 13/13 MP: 4/4
   387 | D:1      | Reached XP level 2. HP: 18/19 MP: 0/6
  1587 | D:2      | Noticed a scorpion
  1700 | D:1      | Slain by a scorpion

Vault maps used:
D:1:      minmay_arrival_loop
D:2:      lemuel_round_altar, first_ration, minivault_4, lemuel_statue_altar

Skill      XL: |  1 |
---------------+----+-----
Spellcasting   | 3 |  3.5
Dodging        | |  1.5
Stealth        | |  1.5
Conjurations   | |  3.6

Action                   || total
-------------------------++-------
Melee: Unarmed           ||    12
 Cast: Magic Dart        ||    56
Armor: Robe              ||     5
Dodge: Dodged            ||    18

Table legend:
 A = Spawn XP
 B = Non-spawn XP
 C = Spawn XP percentage of total XP
 D = Spawn monster count
 E = Non-spawn monster count
 F = Spawn count percentage of total count
 G = Total turns spent on level
                    A         B        C        D         E        F      G
               +---------+---------+-------+---------+---------+-------+---------
         Total |       0 |      32 |   0.0 |       0 |      18 |   0.0 |  1700
               +---------+---------+-------+---------+---------+-------+---------
           D:1 |       0 |      25 |   0.0 |       0 |      14 |   0.0 |  1372
           D:2 |       0 |       7 |   0.0 |       0 |       4 |   0.0 |   328
               +---------+---------+-------+---------+---------+-------+---------
